 Dungeon Crawl Stone Soup version 0.16.2-12-gd0ad4c3 (webtiles) character file.

2049 HANFGEIST the Nimble (level 9, -1/39 HPs)
             Began as a Spriggan Air Elementalist on Oct 7, 2015.
             Was a Priest of Nemelex Xobeh.
             Killed from afar by a twister (15 damage)
             ... with a tornado
             ... summoned by the player character
             ... on level 6 of the Dungeon.
             The game lasted 00:30:26 (5973 turns).

HANFGEIST the Nimble (Spriggan Air Elementalist)    Turns: 5973, Time: 00:30:26

Health: -1/39      AC:  5    Str:  4    XL:     9   Next: 4%
Magic:  21/23      EV: 25    Int: 20    God:    Nemelex Xobeh [***...]
Gold:   303        SH:  0    Dex: 16    Spells: 4 memorised, 4 levels left

rFire  . . .     SeeInvis +     z - +2 trident (flame)
rCold  . . .     Clarity  .     K - +2 robe
rNeg   . . .     SustAb   .     (shield restricted)
rPois  .         Gourm    .     (helmet restricted)
rElec  .         Spirit   .     p - +0 cloak {MR+}
rCorr  .         Warding  .     (gloves unavailable)
rMut   .         Stasis   .     (boots unavailable)
MR     ++...                    (no amulet)
Stlth  +++.......               (no ring)
                                (no ring)

@: flying (expiring), repel missiles, very quick, very resistant to hostile
enchantments, fairly stealthy
A: unfitting armour, see invisible, herbivore 3, speed 3, slow metabolism 2
a: Triple Draw, Renounce Religion


You were on level 6 of the Dungeon.
You worshipped Nemelex Xobeh.
Nemelex Xobeh was most pleased with you.
You were not hungry.

You visited 1 branch of the dungeon, and saw 6 of its levels.
You also visited: Sewer.

You collected 303 gold pieces.

Inventory:

Hand weapons
 e - a +0 short sword
 n - a +1 dagger of venom
 z - a +2 trident of flaming (weapon)
 D - a +0 shortbow
Missiles
 E - 49 arrows
 L - a throwing net (quivered)
Armour
 p - a +0 cloak of magic resistance (worn)
 K - a +2 robe (worn)
Magical devices
 t - a wand of cold (5)
 v - a wand of fireball (3)
 C - a wand of confusion (24)
 M - a wand of polymorph (1)
Scrolls
 d - 6 scrolls of identify
 g - 3 scrolls of blinking {unknown}
 j - 3 scrolls of enchant weapon
 m - a scroll of noise {unknown}
 q - 8 scrolls of teleportation
 r - a scroll of magic mapping
 w - 3 scrolls of remove curse
 x - 3 scrolls of fear
 y - a scroll of fog {unknown}
 A - 2 scrolls of immolation {unknown}
 I - a scroll of amnesia {unknown}
Potions
 a - a potion of haste {unknown}
 f - 5 potions of curing {unknown}
 h - 2 potions of mutation {unknown}
 i - 2 potions of heal wounds {unknown}
 o - a potion of poison {unknown}
 s - a potion of lignification {unknown}
 B - a potion of invisibility
 F - a potion of flight {unknown}
 G - a potion of might {unknown}
 H - a potion of restore abilities {unknown}
Books
 b - a book of Air

   Spells                             Type                      Level
   a - Shock                          Conjuration/Air              1
   b - Swiftness                      Charms/Air                   2
   c - Repel Missiles                 Charms/Air                   2
   d - Flight                         Charms/Air                   3
   e - Static Discharge               Conjuration/Air              3
   f - Lightning Bolt                 Conjuration/Air              5
Miscellaneous
 k - a plain deck of destruction
 l - a plain deck of escape {drawn: 1}
 u - an ornate deck of destruction {drawn: 3}
 J - an ornate deck of war {drawn: 1}
Comestibles
 c - 3 bread rations


   Skills:
 * Level 10.5 Dodging
 - Level 3.0 Stealth
 - Level 2.7 Spellcasting
 + Level 3.7 Conjurations
 + Level 6.4 Air Magic
 + Level 6.6 Evocations


You had 4 spell levels left.
You knew the following spells:

 Your Spells              Type           Power        Failure   Level  Hunger
a - Shock                 Conj/Air       ###.         1%          1    None
b - Repel Missiles        Chrm/Air       ###...       10%         2    ##.....
c - Flight                Chrm/Air       ###.......   14%         3    ###....
d - Static Discharge      Conj/Air       ###.....     8%          3    ###....


Dungeon Overview and Level Annotations

Branches:
Dungeon (6/15)             Temple (0/1) D:4

Altars:
Ashenzari
Cheibriados
Gozag
Nemelex Xobeh
Okawaru
Qazlal
Sif Muna
Trog
Xom
The Shining One

Annotations:
D:6 Vex's ghost, experienced TrMo


Innate Abilities, Weirdness & Mutations

You are tiny and cannot use many weapons and most armour.
You have supernaturally acute eyesight.
You are a herbivore.
You cover ground extremely quickly.
You need consume almost no food.


Message History

You draw a card...
It is the Storm.
The vortex of raging winds lifts you up.
You fly up into the air.
A tornado forms.
Attack whom?
Press: ? - help, Dir - move target cursor, f - Vex's ghost
Aim: Vex's ghost (raging winds)
You reach to attack!
You hit Vex's ghost but do no damage.
You float gracefully downwards.
The vortex of raging winds lifts you up.
You fly up into the air.
Your air elemental completely misses Vex's ghost.
Your air elemental merges itself into the air.
Vex's ghost completely misses something.
Your air elemental forms itself from the air!
Your air elemental merges itself into the air.
Your air elemental forms itself from the air!
Your air elemental merges itself into the air.
Unknown command.
You die...
Your body glows slightly and disappears.

....# ###..#......
'......###...........
#.....§#.............
#.....§#.#...........
#...§§§#§#.........##
#..§§§§#§#§#.#.#...#
#..§§§§v§§§#W#.....#
####§§§§§§§#.##....#
#@§§§§§§#.##.####
#.§§W§§§#.##..#
#####..§§§§.#)###)##
#........####.###..#
#........)....)....###
#........##......)....
#........##...........
#.......###...........
######### #.......##.#


You could see Vex's ghost.

Vanquished Creatures
  Pikel (D:3)
  A wasp (D:4)
  3 ogres
  A centaur (D:5)
  A big kobold (Sewer)
  Ijyb (D:4)
  Blork the orc (D:5)
  3 crimson imps (D:5)
  A giant frog zombie (D:6)
  3 worker ants (D:4)
  Crazy Yiuf (D:2)
  A hound (D:4)
  5 orc wizards
  9 adders
  3 river rats (Sewer)
  8 gnolls
  A giant mite (D:5)
  7 worms
  A shadow imp (D:5)
  3 adder skeletons
  3 giant geckos
  4 oozes
  9 orcs
  2 ball pythons
  8 goblins
  9 hobgoblins
  2 quokkas
  5 bats
  6 giant cockroaches
  3 giant newts
  3 jackals (D:2)
  A jackal skeleton (D:4)
  9 kobolds
  A quokka skeleton (D:5)
  14 rats
134 creatures vanquished.

Vanquished Creatures (collateral kills)
  Grinder (D:6)
  An ogre (D:6)
  An orc priest (D:6)
  A gnoll shaman (D:6)
  2 orc wizards (D:6)
  A gnoll (D:6)
  A goblin (D:6)
  A kobold (D:6)
9 creatures vanquished.

Vanquished Creatures (others)
  A slave (D:4)
  Dowan (D:4)
  A bat skeleton (D:4)
3 creatures vanquished.

Grand Total: 146 creatures vanquished

Notes
Turn   | Place    | Note
--------------------------------------------------------------
     0 | D:1      | HANFGEIST, the Spriggan Air Elementalist, began the quest for the Orb.
     0 | D:1      | Reached XP level 1. HP: 9/9 MP: 4/4
   234 | D:1      | Reached XP level 2. HP: 13/13 MP: 7/7
   854 | D:2      | Reached skill level 4 in Dodging
   858 | D:2      | Reached skill level 1 in Conjurations
   902 | D:2      | Reached XP level 3. HP: 16/16 MP: 1/9
   932 | D:2      | Found a sparkling altar of Nemelex Xobeh.
   942 | D:2      | Became a worshipper of Nemelex Xobeh the Trickster
  1051 | D:2      | Received a gift from Nemelex Xobeh
  1470 | D:2      | Noticed Crazy Yiuf
  1529 | D:2      | Killed Crazy Yiuf
  1529 | D:2      | Reached skill level 5 in Dodging
  1529 | D:2      | Reached skill level 1 in Evocations
  1529 | D:2      | Reached XP level 4. HP: 21/21 MP: 2/12
  2201 | D:3      | Reached XP level 5. HP: 19/24 MP: 7/14
  2300 | D:3      | Found a deep blue altar of Sif Muna.
  2349 | D:3      | Received a gift from Nemelex Xobeh
  2623 | D:3      | Found a snail-covered altar of Cheibriados.
  2629 | D:3      | Found an opulent altar of Gozag.
  2634 | D:3      | Found a stormy altar of Qazlal.
  2776 | D:4      | Noticed an ogre
  2853 | D:4      | Reached skill level 6 in Dodging
  2862 | D:4      | Noticed a slave
  2863 | D:4      | Noticed a slave
  2863 | D:4      | Noticed Pikel
  2863 | D:4      | Noticed a slave
  2864 | D:4      | Noticed a slave
  2877 | D:4      | Killed an ogre
  2877 | D:4      | Reached XP level 6. HP: 28/28 MP: 1/17
  3252 | D:4      | Noticed Dowan
  3296 | D:4      | Noticed Ijyb
  3474 | D:3      | Killed Pikel
  3474 | D:3      | Reached skill level 8 in Dodging
  3474 | D:3      | Reached skill level 5 in Air Magic
  3474 | D:3      | Reached XP level 7. HP: 27/32 MP: 19/19
  3556 | D:4      | Killed a freed slave
  3572 | D:4      | Killed Dowan
  3574 | D:4      | Killed Ijyb
  3581 | D:4      | Learned a level 2 spell: Repel Missiles
  3585 | D:4      | Learned a level 3 spell: Flight
  3589 | D:4      | Learned a level 3 spell: Static Discharge
  3624 | D:4      | Found a staircase to the Ecumenical Temple.
  3646 | D:4      | Found a shattered altar of Ashenzari.
  3709 | D:4      | Noticed Duvessa
  3710 | D:4      | Noticed Duvessa
  3710 | D:4      | Duvessa changed into Duvessa the wasp
  3720 | D:4      | Killed Duvessa the wasp
  3720 | D:4      | Reached XP level 8. HP: 36/36 MP: 13/20
  3826 | D:5      | Entered Level 5 of the Dungeon
  3993 | D:5      | Reached skill level 5 in Evocations
  4094 | D:5      | Found a glowing drain.
  4111 | D:5      | Reached skill level 9 in Dodging
  4166 | Sewer    | Entered a sewer
  4533 | D:5      | Acquired Nemelex Xobeh's first power
  4742 | D:5      | Received a gift from Nemelex Xobeh
  5162 | D:5      | Found an iron altar of Okawaru.
  5179 | D:5      | Noticed Blork the orc
  5188 | D:5      | Killed Blork the orc
  5188 | D:5      | Reached skill level 10 in Dodging
  5852 | D:6      | Noticed Grinder
  5874 | D:6      | Killed Grinder
  5876 | D:6      | Found a glowing golden altar of the Shining One.
  5876 | D:6      | Found a bloodstained altar of Trog.
  5877 | D:6      | Found a shimmering altar of Xom.
  5919 | D:6      | Reached XP level 9. HP: 39/39 MP: 23/23
  5929 | D:6      | Noticed Vex's ghost (experienced TrMo)
  5973 | D:6      | Killed from afar by a twister

Action                   |  1- 3 |  4- 6 |  7- 9 || total
-------------------------+-------+-------+-------++-------
Melee: Short sword       |    48 |    50 |       ||    98
       Trident           |       |    19 |   170 ||   189
       Dagger            |       |       |     5 ||     5
 Fire: Shortbow          |       |       |    42 ||    42
 Cast: Shock             |    51 |    90 |    61 ||   202
       Static Discharge  |       |       |    12 ||    12
       Repel Missiles    |       |       |     1 ||     1
Evoke: Deck              |       |     1 |     4 ||     5
  Use: Scroll            |       |       |     6 ||     6
 Stab: Sleeping          |     2 |     6 |     5 ||    13
       Distracted        |       |       |     1 ||     1
  Eat: Fruit             |       |       |     2 ||     2
       Pizza             |       |       |     1 ||     1
